 Dungeon Crawl Stone Soup version 0.25-a0-50-gf0389da217 (webtiles) character file.

Game seed: 6800626833358082943, levelgen mode: deterministic

3769 Gargoyl the Fighter (level 9, -6/64 HPs)
             Began as a White Draconian Abyssal Knight on Oct 23, 2019.
             Was an Elder of Lugonu.
             Mangled by a slime creature (11 damage)
             ... on level 8 of the Dungeon on Oct 24, 2019.
             The game lasted 00:16:23 (9398 turns).

Gargoyl the Fighter (DrAK)                          Turns: 9398, Time: 00:16:24

Health: -6/64      AC: 10    Str: 18    XL:     9   Next: 94%
Magic:  13/13      EV: 15    Int: 13    God:    Lugonu [****..]
Gold:   422        SH:  0    Dex: 10    Spells: 8/11 levels left

rFire    . . .     SeeInvis .   a - +3 hand axe
rCold    + . .     Gourm    .   (no shield)
rNeg     . . .     Faith    .   (armour unavailable)
rPois    .         Spirit   .   (helmet restricted)
rElec    .         Reflect  .   (no cloak)
rCorr    +         Harm     .   j - +2 pair of gloves
MR       .....                  (no boots)
Stlth    ++........             g - amulet of magic regeneration
HPRegen  0.20/turn              h - ring of resist corrosion
MPRegen  0.38/turn              (no ring)

@: no status effects
A: breathe frost, unfitting armour, cold resistance 1, frail 2, cold-blooded, AC
+7
a: Breathe Frost, Depart the Abyss, Bend Space, Banish, Corrupt, Renounce
Religion


You were on level 8 of the Dungeon.
You worshipped Lugonu.
Lugonu was greatly pleased with you.
You were very hungry.

You visited 1 branch of the dungeon, and saw 8 of its levels.
You visited the Abyss 1 time.

You collected 422 gold pieces.

Inventory:

Hand Weapons
 a - a +3 hand axe (weapon)
Armour
 j - a +2 pair of gloves (worn)
Jewellery
 g - an amulet of magic regeneration (around neck)
 h - a ring of resist corrosion (left hand)
Wands
 d - a wand of disintegration (7)
 e - a wand of iceblast (5)
 o - a wand of acid (6)
 p - a wand of polymorph (6)
Scrolls
 m - 4 scrolls of identify
 n - 5 scrolls of remove curse
 u - 2 scrolls of amnesia
Potions
 c - 2 potions of degeneration {unknown}
 f - 4 potions of lignification {unknown}
 i - 2 potions of ambrosia {unknown}
 k - 2 potions of brilliance {unknown}
 l - 3 potions of curing {unknown}
 q - a potion of cancellation {unknown}
 r - a potion of mutation {unknown}
 s - 2 potions of heal wounds {unknown}
Comestibles
 b - 16 rations


   Skills:
 + Level 8.1 Fighting
 + Level 7.7 Axes
 * Level 6.8 Dodging
 + Level 2.8 Stealth
 + Level 1.6 Spellcasting
 + Level 0.2 Conjurations
 + Level 1.8 Transmutations
 + Level 0.2 Ice Magic
 * Level 6.2 Invocations
 + Level 1.7 Evocations


You had 8 spell levels left.
You knew the following spells:

 Your Spells              Type           Power        Failure   Level  Hunger
a - Beastly Appendage     Tmut           #.....       12%         1    ##.....
b - Throw Frost           Conj/Ice       #.....       36%         2    ###....

Your spell library contained the following spells:

 Spells                   Type           Power        Failure   Level  Hunger
 Sticks to Snakes         Tmut           #.......     19%         2    ###....
 Blink                    Tloc           N/A          38%         2    ###....
 Spider Form              Tmut/Pois      #.........   47%         3    ####...
 Static Discharge         Conj/Air       #.......     58%         3    ####...
 Ice Form                 Ice/Tmut       #.......     86%         4    #####..
 Blade Hands              Tmut           #.........   98%         5    ######.
 Dispersal                Tloc           #.........   100%        6    #######
 Spellforged Servitor     Conj/Summ      #.........   100%        7    #######


Dungeon Overview and Level Annotations

Branches:
Dungeon (8/15)             Temple (0/1) D:7
   Lair: D:8-11

Altars:
Dithmenos
Sif Muna
Uskayaw


Innate Abilities, Weirdness & Mutations

You can breathe waves of freezing cold.
You can buffet flying creatures when you breathe cold.
Your icy white scales are hard. (AC +7)
You cannot fit into any form of body armour.
Your flesh is cold resistant. (rC+)
You are cold-blooded and may be slowed by cold attacks.
You are very frail. (-20% HP)


Message History

There is a stone staircase leading down here.
You start resting.
You have got your breath back.
You start resting.
You are feeling very hungry.
You start resting.
HP restored.
You climb downwards.
The wight hits you but does no damage.
The very large slime creature hits you!!!
Ouch! That really hurt!
* * * LOW HITPOINT WARNING * * *
The leopard gecko skeleton bites you but does no damage.
A very large slime creature splits.
The leopard gecko skeleton closely misses you.
The wight misses you.
There is a stone staircase leading up, spattered with blood here.
The large slime creature hits you.
* * * LOW HITPOINT WARNING * * *
The slime creature hits you!
You die...

.. #### #.# ### #..
..# ... #.#####.#####
#.#
#####.##...##...##..##
#....ZJJ....#.#.#....
#.###.@..........Z#
#.# #z##.##.#.#.#/#
#.# #..)..........#
####.######.##.##.####
#.......# #.......#
#.##.##<# #.......#
#.##.##.# ##.....##
#.##.##.# #[....#
#.##....# #.....#


You could see a large slime creature, a slime creature, a wight and a leopard
gecko skeleton.

Vanquished Creatures
  A sixfirhy (Abyss:3)
  The ghost of Tiareth the Thaumaturge, a novice DEWz of Sif Muna (D:6)
  Grinder (D:6)
  Menkaure (D:5)
  2 ogres
  2 orc warriors (D:5)
  A sky beast (D:5)
  2 centaurs
  4 bullfrogs
  A gnoll sergeant (D:7)
  3 scorpions
  4 wights (D:8)
  2 howler monkeys
  6 crimson imps
  A bullfrog zombie (D:5)
  A quasit (D:7)
  2 centaur zombies
  2 hounds
  4 orc priests
  3 jellies
  3 orc wizards
  A bullfrog skeleton (D:6)
  An iguana (D:5)
  Natasha (twice) (D:3)
  3 worker ants
  A hound zombie (D:5)
  A worker ant zombie (D:5)
  11 gnolls
  8 adders
  An adder zombie (D:7)
  An adder skeleton (D:5)
  6 worms
  2 dart slugs
  5 leopard geckos
  19 orcs
  3 giant cockroaches
  8 goblins
  12 hobgoblins
  5 jackals
  8 kobolds
  6 quokkas
  A ball python (D:2)
  2 bats
  5 frilled lizards
  A quokka skeleton (D:7)
  A quokka zombie (D:5)
  7 rats
168 creatures vanquished.

Vanquished Creatures (others)
  7 toadstools (D:1)
7 creatures vanquished.

Grand Total: 175 creatures vanquished

Notes
Turn   | Place    | Note
-------+----------+-------------------------------------------
     0 | Abyss:1  | Gargoyl the Draconian Abyssal Knight began the quest for
                  | the Orb.
     0 | Abyss:1  | Reached XP level 1. HP: 19/19 MP: 2/2
     0 | Abyss:1  | Found a corrupted altar of Lugonu.
    17 | Abyss:2  | Found a corrupted altar of Lugonu.
    65 | Abyss:3  | Noticed a cacodemon
    68 | Abyss:3  | Noticed a sixfirhy
    70 | Abyss:3  | Gained mutation: You are frail. (-10% HP) [a cacodemon]
    71 | Abyss:3  | Killed a sixfirhy
    71 | Abyss:3  | Reached skill level 6 in Fighting
    71 | Abyss:3  | Reached skill level 1 in Evocations
    71 | Abyss:3  | Reached XP level 2. HP: 27/27 MP: 4/4
    71 | Abyss:3  | Reached XP level 3. HP: 34/34 MP: 5/5
    71 | Abyss:3  | Reached XP level 4. HP: 40/40 MP: 6/6
    71 | Abyss:3  | Reached XP level 5. HP: 45/45 MP: 7/7
    71 | Abyss:3  | Reached XP level 6. HP: 52/52 MP: 8/8
    71 | Abyss:3  | Your scales start taking on an icy white colour.
    71 | Abyss:3  | Reached XP level 7. HP: 57/57 MP: 9/9
    71 | Abyss:3  | Gained mutation: Your flesh is cold resistant. (rC+) [White
                  | Draconian growth]
    74 | Abyss:3  | Noticed a demonic crawler
    74 | Abyss:3  | Gained mutation: You are very frail. (-20% HP) [a
                  | cacodemon]
    78 | D:1      | Escaped the Abyss
   366 | D:1      | Reached * piety under Lugonu
  1021 | D:2      | Upgraded the game from 0.25-a0-42-g6c54e25894 to
                  | 0.25-a0-50-gf0389da217
  1112 | D:2      | Found a shimmering blue altar of Sif Muna.
  2330 | D:3      | Noticed Natasha
  2333 | D:3      | Killed Natasha
  2569 | D:3      | Noticed Natasha
  2574 | D:3      | Killed Natasha
  2734 | D:4      | Found a hide-covered altar of Uskayaw.
  3422 | D:5      | Entered Level 5 of the Dungeon
  3464 | D:5      | Reached ** piety under Lugonu
  3522 | D:5      | Reached skill level 7 in Fighting
  3574 | D:5      | Noticed Menkaure
  3581 | D:5      | Killed Menkaure
  3581 | D:5      | Reached skill level 1 in Stealth
  3581 | D:5      | Reached XP level 8. HP: 17/58 MP: 10/10
  3871 | D:5      | Found a shadowy altar of Dithmenos.
  3896 | D:5      | Reached skill level 5 in Axes
  4744 | D:6      | Reached skill level 5 in Dodging
  4849 | D:5      | Learned a level 1 spell: Beastly Appendage
  6687 | D:6      | Reached skill level 5 in Invocations
  6687 | D:6      | Reached XP level 9. HP: 56/63 MP: 12/12
  6722 | D:6      | Found a runed translucent door.
  6723 | D:6      | Noticed Tiareth's ghost (novice DEWz)
  6981 | D:6      | Noticed Grinder
  7015 | D:6      | Killed Grinder
  7015 | D:6      | Reached *** piety under Lugonu
  7015 | D:6      | Reached skill level 1 in Transmutations
  7827 | D:6      | Found a runed translucent door.
  7860 | D:6      | Killed Tiareth's ghost
  7860 | D:6      | Reached skill level 1 in Spellcasting
  8022 | D:7      | Identified the Incunabulum of Combat Magic and Orientation
  8027 | D:7      | Learned a level 2 spell: Throw Frost
  8032 | D:7      | Found a staircase to the Ecumenical Temple.
  8045 | D:7      | Reached skill level 8 in Fighting
  9196 | D:8      | Reached **** piety under Lugonu
  9398 | D:8      | Mangled by a slime creature

Levels and vault maps discovered:
D:1:      nagdon_arrival_zigzag_paths, layout_basic, minmay_misc_feat_plants
D:2:      layout_basic, lemuel_round_altar, first_ration
D:3:      layout_basic, minmay_bisected, uniq_natasha
D:4:      layout_loops_cross, eat_drink_and_be_merry_uskayaw
D:5:      layout_basic, grunt_dithmenos_smoke, uniq_menkaure
D:6:      layout_loops_corners, enter_ossuary_1, ebering_ghost_sewer_f,
          uniq_grinder
D:7:      layout_cave_pools, temple_fountains, grunt_ogre_cave, minivault_23
D:8:      layout_loops_cross, gammafunk_ghost_smash, minmay_strange_pillars,
          uniq_grum

Skill      XL: |  1  2  3  4  5  6  7  8  9 |
---------------+----------------------------+-----
Fighting       | 6 7 8 |  8.1
Axes           | 3 4 6 7 |  7.7
Dodging        | 3 4 5 6 |  6.8
Evocations     | 1 |  1.7
Invocations    | 3 5 6 |  6.2
Stealth        | 1 2 |  2.8
Transmutations | 1 |  1.8
Spellcasting   | 1 |  1.6
Conjurations   | |  0.2
Ice Magic      | |  0.2

Action                   |  1- 3 |  4- 6 |  7- 9 || total
-------------------------+-------+-------+-------++-------
Melee: Hand axe          |       |       |   641 ||   641
       Tailslap          |       |       |    56 ||    56
       Kick              |       |       |    18 ||    18
       Headbutt          |       |       |    10 ||    10
 Cast: Beastly Appendage |       |       |    17 ||    17
       Throw Frost       |       |       |     5 ||     5
Invok: Depart the Abyss  |       |       |     1 ||     1
 Abil: Breathe Frost     |       |       |    46 ||    46
Evoke: Wand              |     5 |       |     9 ||    14
  Use: Scroll            |     2 |       |    11 ||    13
       Potion            |       |       |     1 ||     1
 Stab: Sleeping          |       |       |     2 ||     2
  Eat: Chunk             |       |       |    23 ||    23
       Ration            |       |       |     4 ||     4
Armor: Skin              |       |       |   218 ||   218
Dodge: Dodged            |       |       |   467 ||   467

Table legend:
 A = Non-vault XP
 B = Vault XP
 C = Vault XP percentage of total XP
 D = Non-vault monster count
 E = Vault monster count
 F = Vault count percentage of total count
                 A         B        C        D         E       F
            +---------+---------+-------+---------+---------+-------
      Total |    4105 |    1280 |  23.8 |     157 |      11 |   6.5
            +---------+---------+-------+---------+---------+-------
        D:1 |      39 |       0 |   0.0 |      22 |       0 |   0.0
        D:2 |      44 |       0 |   0.0 |      23 |       0 |   0.0
        D:3 |      77 |      38 |  33.0 |      10 |       2 |  16.7
        D:4 |     161 |       0 |   0.0 |      11 |       0 |   0.0
        D:5 |    1093 |     165 |  13.1 |      31 |       1 |   3.1
        D:6 |     876 |     965 |  52.4 |      26 |       7 |  21.2
        D:7 |     830 |     112 |  11.9 |      29 |       1 |   3.3
        D:8 |     234 |       0 |   0.0 |       4 |       0 |   0.0
    Abyss:3 |     751 |       0 |   0.0 |       1 |       0 |   0.0
            +---------+---------+-------+---------+---------+-------
